 Dungeon Crawl Stone Soup version 0.22-a0-612-gd2f0174 (webtiles) character file.

154 Gildeon the Chopper (level 5, -2/47 HPs)
             Began as a Hill Orc Fighter on July 11, 2018.
             Slain by Sigmund
             ... wielding a cursed -2 scythe
              (3 damage)
             ... on level 3 of the Dungeon.
             The game lasted 00:08:25 (2352 turns).

Gildeon the Chopper (Hill Orc Fighter)              Turns: 2352, Time: 00:08:25

Health: -2/47      AC:  6    Str: 21 (24) XL:     5   Next: 36%
Magic:  5/5        EV:  7    Int:  7 (9)  God:
Gold:   83         SH:  9    Dex:  8 (10) Spells: 4/4 levels left

rFire    . . .     SeeInvis .   a - +0 war axe
rCold    . . .     Gourm    .   c - +0 shield
rNeg     . . .     Faith    .   b - +0 scale mail
rPois    .         Spirit   .   (no helmet)
rElec    .         Reflect  .   (no cloak)
rCorr    .         Harm     .   (no gloves)
MR       .....                  (no boots)
Stlth    ..........             (no amulet)
HPRegen  0.15/turn              (no ring)
MPRegen  0.09/turn              (no ring)

@: mighty
A: no striking features
a: no special abilities


You were on level 3 of the Dungeon.
You were not hungry.

You visited 1 branch of the dungeon, and saw 3 of its levels.

You collected 83 gold pieces.

Inventory:

Hand Weapons
 a - a +0 war axe (weapon)
Armour
 b - a +0 scale mail (worn)
 c - a +0 shield (worn)
Jewellery
 k - an uncursed ring of ice
Scrolls
 e - a scroll of teleportation
Potions
 j - a potion of ambrosia {unknown}
Comestibles
 f - 8 rations
 g - 3 chunks of flesh


   Skills:
 + Level 4.7 Fighting
 * Level 5.4 Axes
 - Level 3.2 Armour
 + Level 4.2 Shields


You had 4 spell levels left.
You didn't know any spells.
Your spell library was empty.

Dungeon Overview and Level Annotations

Branches:
Dungeon (3/15)

Altars:

Annotations:
D:3 Sigmund


Message History

* * * LOW HITPOINT WARNING * * *
You barely miss something. You block something's attack.
Unknown command.
You feel better. Something hits you.
* * * LOW HITPOINT WARNING * * *
You miss something. You block something's attack.
You closely miss something. Something hits you.
* * * LOW HITPOINT WARNING * * *
You miss something. You miss something.
You hear some strange, mumbled words.
A puff of flame appears from out of thin air!
The puff of flame hits you!
* * * LOW HITPOINT WARNING * * *
You block something's attack.
It was a potion of degeneration.
There was something very wrong with that liquid.
You feel weakened.
You feel dopey.
You feel clumsy.
You slash something! Something hits you.
You die...

(...............
...........!.#
#......$.....#
##.####.#
#.......#
##.#....##
###).####.# #{..##
.. ###@#########..
#.<.....>.... .
.......#.#######..
.#######.# ..#
#.## .. ... #..


There were no monsters in sight!

Vanquished Creatures
  Natasha (twice) (D:2)
  4 adders (D:2)
  2 worms (D:2)
  2 dart slugs (D:2)
  3 leopard geckos
  2 orcs (D:2)
  A ball python (D:1)
  2 giant cockroaches (D:1)
  6 goblins
  4 hobgoblins
  5 kobolds
  A quokka (D:2)
  6 bats
  3 frilled lizards (D:2)
  17 rats
60 creatures vanquished.

Notes
Turn   | Place    | Note
-------+----------+-------------------------------------------
     0 | D:1      | Gildeon the Hill Orc Fighter began the quest for the Orb.
     0 | D:1      | Reached XP level 1. HP: 19/19 MP: 1/1
   136 | D:1      | Reached skill level 3 in Axes
   165 | D:1      | Reached XP level 2. HP: 27/27 MP: 2/2
   762 | D:2      | Reached XP level 3. HP: 19/33 MP: 3/3
   965 | D:2      | Reached skill level 4 in Axes
  1313 | D:2      | Noticed Natasha
  1328 | D:2      | Killed Natasha
  1328 | D:2      | Reached XP level 4. HP: 23/41 MP: 4/4
  1621 | D:2      | Reached skill level 5 in Axes
  1669 | D:2      | Noticed Natasha
  1679 | D:2      | Killed Natasha
  1679 | D:2      | Reached XP level 5. HP: 24/47 MP: 5/5
  2255 | D:3      | Noticed Sigmund
  2350 | D:3      | HP: 1/47 [something/puff of flame (10)]
  2352 | D:3      | Slain by Sigmund

Vault maps used:
D:1:      sevenhm_arrival_forest_fort_large_1, serial_forest,
          infiniplex_forest_corner_2, infiniplex_forest_lined_ring,
          infiniplex_forest_straight_3, infiniplex_forest_lined_room_2,
          infiniplex_forest_clump_tiny, infiniplex_forest_straight_3,
          infiniplex_forest_clump_small
D:2:      minmay_rat_gold_closets, uniq_natasha
D:3:      gammafunk_temple_overflow_pools, cheibrodos_sewer_entry_drain,
          uniq_sigmund

Skill      XL: |  1  2  3  4 |
---------------+-------------+-----
Axes           | 3 4 5 |  5.4
Fighting       | 4 |  4.7
Shields        | 4 |  4.2
Armour         | |  3.2

Action                   |  1- 3 |  4- 6 || total
-------------------------+-------+-------++-------
Melee: War axe           |   100 |    82 ||   182
  Use: Scroll            |     1 |       ||     1
       Potion            |       |     3 ||     3
  Eat: Chunk             |     1 |     4 ||     5
Armor: Scale mail        |    48 |    24 ||    72
Dodge: Dodged            |    32 |    16 ||    48
Block: Shield            |    49 |    37 ||    86

Table legend:
 A = Spawn XP
 B = Non-spawn XP
 C = Spawn XP percentage of total XP
 D = Spawn monster count
 E = Non-spawn monster count
 F = Spawn count percentage of total count
 G = Total turns spent on level
                    A         B        C        D         E        F      G
               +---------+---------+-------+---------+---------+-------+---------
         Total |       0 |     221 |   0.0 |       0 |      60 |   0.0 |  2352
               +---------+---------+-------+---------+---------+-------+---------
           D:1 |       0 |      24 |   0.0 |       0 |      14 |   0.0 |   736
           D:2 |       0 |     194 |   0.0 |       0 |      44 |   0.0 |  1574
           D:3 |       0 |       3 |   0.0 |       0 |       2 |   0.0 |    42
               +---------+---------+-------+---------+---------+-------+---------
